[Event "*** SCC Grand Prix: Titled Tuesday Blitz"]
[Site "Chess.com"]
[Date "2020.09.29"]
[Round "10"]
[White "NotFischer"]
[Black "gui_borba"]
[Result "0-1"]
[WhiteElo "2302"]
[BlackElo "2445"]
[TimeControl "180+1"]
[EndTime "11:56:49 PDT"]
[Termination "gui_borba won by resignation"]

1. e4 c6 2. d4 d5 3. exd5 cxd5 4. Bd3 Nc6 5. c3 Nf6 6. Bf4 g6 7. Nf3 Bf5 8. O-O Bxd3 9. Qxd3 Bg7 10. Nbd2 O-O 11. Rfe1 e6 12. Ne5 Nxe5 13. Bxe5 Qa5 14. a4 Rfc8 15. b4 Qd8 16. f3 Nd7 17. Bxg7 Kxg7 18.
a5 Nf6 19. Nb3 Ne8 20. Qe3 b6 21. Qe5+ Qf6 22. axb6 axb6 23. Qe3 Nd6 24. Rxa8 Rxa8 25. Ra1 Rxa1+ 26. Nxa1 Nc4 27. Qe1 Qf5 28. Nb3 Qc2 29.
Na1 Qb2 30. h4 h5 31. Kh2 Kf8 32. Kh3 Ke7 33. g4 hxg4+ 34. fxg4 Nd6 35. h5 gxh5 36. gxh5 Qa2 37. Qh4+ Ke8 38. Qg3 Nf5 39. Qb8+ Ke7 40. Qc7+ Kf8 41. Qd8+ Kg7 42. Qg5+ Kh7 43. Qf6 Qxa1 44.
Qxf7+ Ng7 45. Qg6+ Kh8 46. h6 Qxc3+ 47. Kh2 Qd2+ 48. Kh1 Qe1+ 49. Kh2 Qe2+ 50. Kg1 Qe3+ 51. Kh2 Nf5 52. Qf6+ Kh7 53. Qf7+ Kxh6 54. Qf6+ Kh5 55.
Qh8+ Kg4 56. Qg8+ Kf3 57. Qg2+ Kf4 58. Qf1+ Qf3 59. Qd1 Qxd1 0-1

[Event "*** SCC Grand Prix: Titled Tuesday Blitz"]
[Site "Chess.com"]
[Date "2020.09.29"]
[Round "10"]
[White "TokChess"]
[Black "superchthonic"]
[Result "0-1"]
[WhiteElo "2405"]
[BlackElo "2565"]
[TimeControl "180+1"]
[EndTime "11:56:52 PDT"]
[Termination "superchthonic won by resignation"]

1. Nf3 d5 2. g3 c6 3. Bg2 Nf6 4. O-O g6 5. d4 Bg7 6. Nbd2 O-O 7. c4 Bg4 8. b3 Nbd7 9. Bb2 a5 10. e3 e6 11. h3 Bxf3 12. Bxf3 a4 13. Qc2 Qb6 14. Kg2 Rfc8 15. c5 Qc7 16. b4 e5 17. Bc3 Re8 18. Rfe1 h5 19. h4 e4 20. Be2 Nf8 21. b5 Qd7 22. bxc6 bxc6 23. Nf1 Ne6 24. Nh2 g5 25. Kh1 gxh4 26. gxh4 Kh8 27. Rg1 Bh6 28. Rg2 Rg8 29. Rag1 Ng7 30. Rg5 Qh3 31. Be1 Nf5 32. Rxg8+ Rxg8 33.
Rxg8+ Kxg8 34. Qxa4 Nxh4 35. Bf1 Qf5 36. Qxc6 Bf8 37.
Qc7 Nf3 38. Qg3+ Ng4 39. Nxf3 exf3 40. Qh3 Kh7 41. Qg3 Kg6 42. Bh3 Qb1 43. Qg1 Kf5 44.
Bxg4+ hxg4 45. Ba5 Qxa2 46. Bc7 Qa6 47. Qh2 Qh6 48.
Qxh6 Bxh6 49. Kg1 Ke6 50. Kf1 Kd7 51. Bg3 f5 52. Ke1 Kc6 53. Kd1 Bg5 54. Ke1 Bd8 55.
Kf1 Ba5 56. Be5 Bc7 57. Kg1 Bxe5 58. dxe5 Kxc5 59. Kh2 Kc6 60. Kg3 Kd7 61. Kf4 Ke6 62.
e4 dxe4 63. Ke3 Kxe5 0-1

[Event "*** SCC Grand Prix: Titled Tuesday Blitz"]
[Site "Chess.com"]
[Date "2020.09.29"]
[Round "10"]
[White "beto-betun"]
[Black "RamyresCoelho"]
[Result "0-1"]
[WhiteElo "2134"]
[BlackElo "2025"]
[TimeControl "180+1"]
[EndTime "11:56:52 PDT"]
[Termination "RamyresCoelho won on time"]

1. d4 Nf6 2. c4 g6 3. Nc3 d5 4.
cxd5 Nxd5 5. e4 Nxc3 6. bxc3 Bg7 7. Be3 O-O 8. Bc4 c5 9. Ne2 Nc6 10. O-O cxd4 11. cxd4 Na5 12. Bd3 b6 13. Qa4 Bb7 14. Rac1 Rc8 15. Rxc8 Qxc8 16. Rc1 Qa8 17. f3 Rc8 18. Rd1 Bc6 19. Qb4 e6 20. Qd2 Bf8 21. h4 Bb7 22. Rc1 Rxc1+ 23. Qxc1 Qc8 24. Qxc8 Bxc8 25. Kf2 h5 26. Nf4 Bg7 27. d5 exd5 28.
Nxd5 Kf8 29. Bf4 Bd7 30. Bd6+ Kg8 31. Ke3 Nc6 32. Bb5 Kh7 33. a4 Bh6+ 34. Kd3 Bg7 35. f4 f6 36. g3 Be8 37. Ke3 Bd7 38. Bc7 Be8 39. e5 fxe5 40. fxe5 Bh6+ 41. Ke4 g5 42. hxg5 Bg6+ 43. Kf4 Nd4 44. gxh6 Ne6+ 45. Ke3 Kxh6 46. Bb8 Kg5 47. Bxa7 Kg4 48. Ne7 Bc2 49. Bxb6 Kxg3 50. a5 h4 51. a6 h3 52. a7 h2 53. a8=Q Ng5 54. Qf8 Bd1 55. Qf4+ Kg2 56. Bc6+ Kh3 0-1

[Event "*** SCC Grand Prix: Titled Tuesday Blitz"]
[Site "Chess.com"]
[Date "2020.09.29"]
[Round "10"]
[White "horripile"]
[Black "Andreikka"]
[Result "0-1"]
[WhiteElo "2682"]
[BlackElo "2863"]
[TimeControl "180+1"]
[EndTime "11:56:53 PDT"]
[Termination "Andreikka won on time"]

1. e4 d5 2. exd5 Qxd5 3. Nc3 Qa5 4. d4 Nf6 5. Nf3 c6 6. Ne5 Be6 7. Nc4 Qc7 8. Bd3 Bg4 9. Ne2 e6 10. O-O Be7 11. Bf4 Qd8 12. c3 O-O 13. Qb3 b6 14. Ne5 Bh5 15. Ng3 Bg6 16. Be2 Qc8 17. Bf3 Nd5 18. Bd2 Bd6 19. c4 Nf6 20. Nxg6 hxg6 21. Rfd1 Qc7 22. Qa4 Rc8 23. Nf1 Nbd7 24. g3 Rab8 25.
Rac1 e5 26. Bc3 exd4 27. Bxd4 Bc5 28. Bxf6 Nxf6 29. b4 Bf8 30. Ne3 a5 31. a3 Nd7 32.
Be2 Ne5 33. Qb3 Re8 34. Ng4 axb4 35. axb4 Nd7 36. Bf3 f5 37. Ne3 Ne5 38. Be2 Kh7 39. Rd4 Be7 40. Rcd1 Bf6 41. R4d2 Bg5 42. f4 Bh6 43. Qc3 Re7 44. Ng2 Nf7 45. h4 Rbe8 46.
Bf3 Nd8 47. Kh2 Ne6 48. b5 c5 49. Bd5 Nd4 50. Rxd4 cxd4 51. Rxd4 Re2 52. Rd2 Rxd2 53. Qxd2 Qc5 54. Qd1 Re7 55. Qf3 Ra7 56. Kh3 Ra1 57. Ne3 Ra3 58. h5 Qxe3 59. hxg6+ Kxg6 0-1

[Event "*** SCC Grand Prix: Titled Tuesday Blitz"]
[Site "Chess.com"]
[Date "2020.09.29"]
[Round "10"]
[White "Guenplen"]
[Black "PavelShkapenko"]
[Result "1/2-1/2"]
[WhiteElo "2863"]
[BlackElo "2722"]
[TimeControl "180+1"]
[EndTime "11:56:53 PDT"]
[Termination "Game drawn - insufficient material"]

1. d4 Nf6 2. Bf4 e6 3. e3 c5 4. c3 b6 5. Nd2 Bb7 6. Ngf3 cxd4 7. exd4 Be7 8. h3 d6 9. Bd3 Nbd7 10. Qe2 a6 11.
O-O O-O 12. a4 Re8 13. Bh2 Bf8 14. Rfd1 e5 15. dxe5 dxe5 16. Ne4 Bxe4 17. Bxe4 Nxe4 18. Qxe4 Qc7 19. Bg3 Rac8 20. Rd2 Nc5 21. Qc2 f6 22. Rad1 Qf7 23. b4 Ne6 24. Qb3 Red8 25. Bxe5 Rxd2 26. Rxd2 fxe5 27. Nxe5 Qf6 28. Nd7 Qf7 29. Ne5 Qf6 30.
Re2 Re8 31. Qc4 Kh8 32. g3 Re7 33. f4 g6 34. Qxa6 g5 35. Qc8 gxf4 36. Ng4 Qg6 37. Rxe6 Rxe6 38. Qxf8+ Qg8 39. Qxf4 Qe8 40. Nf2 Kg7 41.
Kh2 Re2 42. Qg5+ Kh8 43. Qf6+ Kg8 44. h4 Qe3 45. Kg2 Qe4+ 46. Qf3 Qxf3+ 47. Kxf3 Ra2 48. a5 bxa5 49. bxa5 Rxa5 50. Ne4 Kg7 51. Kf4 Ra4 52. Ke5 Ra5+ 53. Kd4 Kg6 54. c4 Kf5 55. Ng5 Kg4 56. Nxh7 Kxg3 57. Nf6 Kxh4 58. Ne4 Ra4 59. Kd5 Rxc4 60.
Kxc4 1/2-1/2

[Event "*** SCC Grand Prix: Titled Tuesday Blitz"]
[Site "Chess.com"]
[Date "2020.09.29"]
[Round "10"]
[White "PavelChernomordik"]
[Black "dyziotomi99"]
[Result "1/2-1/2"]
[WhiteElo "2338"]
[BlackElo "2469"]
[TimeControl "180+1"]
[EndTime "11:56:54 PDT"]
[Termination "Game drawn - insufficient material"]

1. e4 c5 2. Nc3 Nc6 3. Bb5 Nd4 4. Bc4 e6 5. Nge2 a6 6. a4 Nf6 7. d3 d5 8. exd5 exd5 9. Ba2 Be6 10. O-O Bd6 11. Nf4 O-O 12. h3 Bc7 13. Nce2 Nxe2+ 14. Qxe2 Qd6 15. g3 Rfe8 16. Qf3 b5 17. Bd2 c4 18. dxc4 dxc4 19. Bc3 Nd5 20. Rfd1 Rad8 21. axb5 axb5 22. Nxe6 Qxe6 23. Re1 Qc6 24. Rxe8+ Qxe8 25. Re1 Qf8 26. Bd4 Nf4 27. Be3 Ng6 28. Qc6 Qe8 29. Qxe8+ Rxe8 30. Bd2 Rxe1+ 31. Bxe1 Ne5 32. Kg2 Nc6 33.
b3 cxb3 34. Bxb3 Bb6 35. Bd5 Nd4 36. Be4 f5 37. Bd3 Bc5 38. c3 Nb3 39. Bxb5 Na5 40. c4 Nb7 41. Bc6 Nd6 42. Bd5+ Kf8 43. Kf3 Ke7 44.
g4 fxg4+ 45. hxg4 Kf6 46. Bc3+ Kg6 47. Be4+ Nxe4 48. Kxe4 Bxf2 49. Bd4 Be1 50. c5 Ba5 51. Kf3 Kg5 52. c6 g6 53. Be3+ Kf6 54. Bf4 h5 55. c7 Bxc7 56. Bxc7 hxg4+ 57. Kxg4 Ke6 58. Kg5 Kd7 59.
Be5 Ke6 60. Kxg6 1/2-1/2

[Event "*** SCC Grand Prix: Titled Tuesday Blitz"]
[Site "Chess.com"]
[Date "2020.09.29"]
[Round "10"]
[White "RaunakSadhwani2005"]
[Black "ViditYT"]
[Result "0-1"]
[WhiteElo "2913"]
[BlackElo "2741"]
[TimeControl "180+1"]
[EndTime "11:56:56 PDT"]
[Termination "ViditYT won by resignation"]

1. Nf3 d5 2. b3 c5 3. Bb2 Nc6 4. e3 a6 5. d4 Nf6 6. Bd3 Bg4 7. h3 Bh5 8. Nbd2 e6 9. O-O cxd4 10. exd4 Rc8 11.
a3 Bd6 12. Re1 O-O 13. Qe2 b5 14. b4 Nd7 15. Nb3 Nb6 16. Nc5 Ra8 17. g4 Bg6 18.
Bxg6 hxg6 19. Bc1 Nc4 20. Bg5 Qc8 21. Nd3 a5 22. c3 Qc7 23. Nfe5 Bxe5 24. dxe5 axb4 25.
cxb4 Rxa3 26. Rxa3 Nxa3 27. Be3 Nc4 28. Bc5 Ra8 29. h4 Qd8 30. Kg2 Ra3 31. Rh1 d4 32. Qe4 Qa8 33. f3 N6xe5 34. Qxa8+ Rxa8 35. Nxe5 Nxe5 36. Bxd4 Nc4 37. h5 gxh5 38. gxh5 f6 39. h6 e5 40. Bc5 gxh6 41. Rxh6 Kg7 42. Rh1 Ra2+ 43. Kg3 Ra3 44. Kg4 Kg6 45. Rg1 f5+ 46. Kh4+ Kf6 47. Rg3 f4 48. Rg8 Rxf3 49. Rf8+ Ke6 50. Re8+ Kd5 51.
Rb8 Na3 52. Kg4 Ke4 53. Kh4 Rg3 54. Re8 Rg6 55. Kh3 f3 56. Kh4 Nc4 57. Kh5 Rg2 58.
Rf8 Ne3 59. Rf6 f2 0-1

[Event "*** SCC Grand Prix: Titled Tuesday Blitz"]
[Site "Chess.com"]
[Date "2020.09.29"]
[Round "10"]
[White "Xeniya2005"]
[Black "hawes33"]
[Result "1-0"]
[WhiteElo "2377"]
[BlackElo "2223"]
[TimeControl "180+1"]
[EndTime "11:56:59 PDT"]
[Termination "Xeniya2005 won by checkmate"]

1. e4 c5 2. Be2 d6 3. f4 Nf6 4. d3 g6 5. Nf3 Bg7 6. O-O O-O 7. c3 a6 8. Kh1 Nc6 9. Be3 Ng4 10. Bg1 b5 11. Nbd2 Bb7 12. a3 h5 13. h3 Nf6 14. Rc1 Rc8 15. Bh2 e6 16. Qe1 a5 17.
Qh4 Nh7 18. Qf2 b4 19. axb4 axb4 20. g4 d5 21. e5 hxg4 22. hxg4 bxc3 23. bxc3 d4 24.
c4 Nb4 25. g5 Bxe5 26. fxe5 Qxg5 27. Ne4 Bxe4 28. dxe4 Qh6 29. Kg2 d3 30. Rh1 dxe2 31. Bg3 Qxc1 32. Rxc1 Nd3 33. Qe3 Nxc1 34. Qxc1 Rfd8 35.
Qe3 Rd1 36. Qxe2 Rcd8 37. Bf2 g5 38. Qe3 g4 39. Ng5 R8d3 40. Qf4 Nxg5 41. Qxg5+ Kh7 42. Qh5+ Kg7 43. Qxg4+ Kh7 44. Be3 Ra1 45. Qh5+ Kg8 46. Qg5+ Kh7 47. Qh5+ Kg8 48. Qe2 Raa3 49. Bf2 Rac3 50.
Qg4+ Kh7 51. Qh5+ Kg8 52. Qg5+ Kh7 53. Qf6 Kg8 54. Bxc5 Rg3+ 55. Kf2 Rgd3 56. Qg5+ Kh7 57. Bf8 Rc2+ 58. Ke1 Rg3 59. Qxg3 Rc1+ 60. Kd2 Rg1 61. Qxg1 f5 62. Qg7# 1-0

[Event "*** SCC Grand Prix: Titled Tuesday Blitz"]
[Site "Chess.com"]
[Date "2020.09.29"]
[Round "10"]
[White "Indianlad"]
[Black "Hikaru"]
[Result "1/2-1/2"]
[WhiteElo "2948"]
[BlackElo "3231"]
[TimeControl "180+1"]
[EndTime "11:57:01 PDT"]
[Termination "Game drawn by stalemate"]

1. d4 Nf6 2. c4 g6 3. g3 Bg7 4. Bg2 O-O 5. Nc3 d6 6. Nf3 Nc6 7. Bf4 Bg4 8. O-O Nd7 9. d5 Bxf3 10. exf3 Na5 11. Qd3 e5 12. Be3 b6 13. b4 Nb7 14.
a3 f5 15. Rac1 h5 16. f4 Re8 17. Ne2 a5 18. fxe5 axb4 19. axb4 Nxe5 20. Qd2 Ng4 21.
Nf4 Nxe3 22. fxe3 Bh6 23. Ne6 Qe7 24. Ra1 Rxa1 25. Rxa1 Nd8 26. Ra7 Kh7 27. Qd4 Nxe6 28. dxe6 Qxe6 29. Rxc7+ Re7 30. Rxe7+ Qxe7 31. Kf2 Qa7 32.
Qxd6 Qa2+ 33. Kf3 Qxc4 34. Qe7+ Bg7 35. h4 Qc2 36. Bf1 Qc1 37. Kf2 Kh6 38. Qg5+ Kh7 39.
Qe7 Qc6 40. Be2 Qh1 41. Bf3 Qc1 42. Be2 Qc3 43. Bf1 Qc6 44. Be2 Qc8 45. Bf1 Kh8 46.
Be2 Bf8 47. Qf6+ Kh7 48. Qf7+ Bg7 49. Qe7 Qb8 50. Bc4 b5 51. Be2 Qa8 52. Bxb5 Qa2+ 53. Be2 Qb2 54. b5 Qe5 55. Qxe5 Bxe5 56. b6 Kg7 57.
Bf3 Kf6 58. Bc6 Bb8 59. Be8 Bd6 60. b7 Bb8 61. Kf3 Bc7 62. Bc6 Bb8 63. e4 fxe4+ 64. Bxe4 g5 65. Bc6 gxh4 66. gxh4 Kg7 67. Be8 Kh8 68.
Ke4 Bc7 69. Bxh5 Bb8 70. Bg4 Bh2 71. h5 Bb8 72. Kf5 Bh2 73. Kg6 Bb8 74. Kg5 Bh2 75.
Kf6 Bb8 76. Kf7 Bh2 77. Ke6 Bb8 78. Kd7 Bh2 79. Kc8 Bg3 80. b8=Q Bxb8 81. Kxb8 Kg7 82. Kc7 Kh8 83. Kd6 Kg7 84. Ke5 Kh8 85. Kf4 Kg7 86.
Kg5 Kh8 87. h6 Kh7 88. Bf5+ Kh8 89. Be4 Kg8 90. Kg6 Kh8 91. h7 1/2-1/2

[Event "*** SCC Grand Prix: Titled Tuesday Blitz"]
[Site "Chess.com"]
[Date "2020.09.29"]
[Round "10"]
[White "m_ezat"]
[Black "Aborigen_came"]
[Result "0-1"]
[WhiteElo "2631"]
[BlackElo "2743"]
[TimeControl "180+1"]
[EndTime "11:57:02 PDT"]
[Termination "Aborigen_came won by checkmate"]

1. d4 e6 2. c4 Bb4+ 3. Bd2 Bxd2+ 4. Qxd2 Ne7 5. Nc3 O-O 6. e4 d6 7. Nf3 Ng6 8. h4 e5 9. h5 Nf4 10. dxe5 dxe5 11. Qxd8 Rxd8 12. Nxe5 f6 13. Nf3 Nc6 14. Nd5 Nxd5 15. cxd5 Nb4 16. Kd2 c6 17. a3 cxd5 18.
e5 Nc6 19. exf6 gxf6 20. Bb5 Bg4 21. Bxc6 bxc6 22. Nd4 c5 23. Nb3 Rab8 24. Nxc5 Rxb2+ 25. Ke3 d4+ 26. Kf4 Bd7 27. Kg3 Rc2 28. Rac1 Ra2 29. Rhd1 Rxa3+ 30. f3 Bc8 31. Rc4 d3 32. Ne4 Kf7 33.
Rc7+ Ke6 34. Rxh7 f5 35. Nc5+ Ke5 36. f4+ Kd4 37. Rc7 Rc3 38. Nxd3 Rg8+ 39. Kh4 Rxc7 40. Ne5+ Ke3 41. g3 a5 42. h6 Rh8 43. Kg5 Rch7 44.
Rh1 Rg8+ 45. Kf6 a4 46. Ra1 Rxh6+ 47. Kf7 Be6+ 48. Ke7 Ra8 49. Ra3+ Kd2 50. Kd6 Bb3+ 51. Kc5 Kc3 52. g4 fxg4 53. Kb5 g3 54. Kc5 g2 55. Nf3 Rh3 56. Ne1 g1=Q+ 57. Kd6 Qd4+ 58. Ke7 Ra7+ 59. Ke8 Rh8# 0-1

[Event "*** SCC Grand Prix: Titled Tuesday Blitz"]
[Site "Chess.com"]
[Date "2020.09.29"]
[Round "10"]
[White "tmr88"]
[Black "Evachess2006"]
[Result "1-0"]
[WhiteElo "2089"]
[BlackElo "1628"]
[TimeControl "180+1"]
[EndTime "11:57:05 PDT"]
[Termination "tmr88 won on time"]

1. e4 e5 2. Nf3 Nc6 3. Bb5 a6 4. Ba4 Nf6 5. O-O b5 6. Bb3 Be7 7. Re1 O-O 8. h3 d5 9. exd5 Nxd5 10. Nxe5 Nxe5 11. Rxe5 c6 12. d4 Bd6 13. Re1 Qf6 14. Bxd5 cxd5 15. a4 Qg6 16. Qf3 Be6 17. c3 bxa4 18.
Nd2 Bd7 19. Nf1 Bc6 20. Ng3 Bxg3 21. fxg3 Rfe8 22. Bf4 Qf6 23. Be5 Qg6 24. Rf1 Re6 25. g4 f6 26. Bg3 Qf7 27. Rae1 Rf8 28. Rxe6 Qxe6 29. Qf5 Qd7 30. Re1 Qxf5 31. gxf5 Re8 32. Rxe8+ Bxe8 33. Bd6 Kf7 34. Kf2 Bb5 35. g4 g6 36. Ke3 Ke8 37. Kf4 Kd7 38. Bc5 Ke8 39. fxg6 hxg6 40. h4 Kf7 41. h5 gxh5 42. gxh5 Be2 43.
h6 Bd3 44. Bd6 Kg6 45. Be7 Kxh6 46. Bxf6 Kg6 47. Ke5 Bc4 48. Ke6 Bb3 49. Be5 Bc4 50.
Kd6 Bb3 51. Kc5 Kf5 52. Kb6 Bc4 53. Ka5 Bb5 54. Kb4 Ke6 55. Kc5 Kd7 56. Bf6 Ke6 57.
Bg7 Bc4 58. Be5 Kd7 59. Kb4 Bb5 60. Kc5 Bc4 61. Kb6 Bb5 62. Kc5 Bc6 63. Bg7 Bb7 64.
Kb6 Kc8 65. Be5 1-0

[Event "*** SCC Grand Prix: Titled Tuesday Blitz"]
[Site "Chess.com"]
[Date "2020.09.29"]
[Round "10"]
[White "canary2016"]
[Black "parintele_chess"]
[Result "0-1"]
[WhiteElo "1920"]
[BlackElo "2135"]
[TimeControl "180+1"]
[EndTime "11:57:06 PDT"]
[Termination "parintele_chess won by checkmate"]

1. d4 Nf6 2. Bf4 d5 3. e3 g6 4. Nc3 Bg7 5. h4 h5 6. Nf3 O-O 7. Be2 c5 8. dxc5 Nc6 9. Qd2 Ne4 10. Nxe4 dxe4 11. Nd4 Nxd4 12. exd4 Qxd4 13. c3 Qxc5 14.
Be3 Qd6 15. O-O-O Qxd2+ 16. Rxd2 Be6 17. Kb1 Rfd8 18. Rhd1 Rxd2 19. Rxd2 b6 20. Bb5 f5 21. Bg5 Kf7 22. Bc6 Rc8 23. Bd7 Rc7 24. Bb5 Bf6 25. Bf4 Rc8 26. Ba6 Rc5 27. Rd8 Bxh4 28. g3 Bf6 29.
Bb7 Bc4 30. Be3 Rc7 31. Bc8 e5 32. Rd7+ Rxd7 33. Bxd7 Be6 34. Bc6 g5 35. Kc2 f4 36.
gxf4 exf4 37. Bd2 Bf5 38. Kd1 Be5 39. Ke1 g4 40. Kf1 Kf6 41. Kg2 f3+ 42. Kg1 h4 43. b3 g3 44. Be3 g2 45. Bd4 h3 46. Bxe5+ Kxe5 47. c4 Kd4 48. Bd5 e3 49. Bxf3 exf2+ 50. Kxf2 Kc3 51. Bd5 Kb2 52. b4 Ka3 53. c5 bxc5 54.
bxc5 Kb4 55. c6 Kc5 56. Bf3 Kd6 57. Kg1 Kc7 58. Kh2 a5 59. a3 a4 60. Bd5 Kd6 61.
Bf3 Ke5 62. Be2 Kf4 63. Ba6 Ke3 64. c7 Kf2 65. c8=Q g1=Q# 0-1

[Event "*** SCC Grand Prix: Titled Tuesday Blitz"]
[Site "Chess.com"]
[Date "2020.09.29"]
[Round "10"]
[White "KingHarii"]
[Black "Kildepiotr"]
[Result "1-0"]
[WhiteElo "2723"]
[BlackElo "2578"]
[TimeControl "180+1"]
[EndTime "11:57:07 PDT"]
[Termination "KingHarii won by resignation"]

1. c4 g6 2. d3 Bg7 3. Nc3 d6 4. e4 c5 5. Be3 Nc6 6. Nge2 Nd4 7.
Qd2 e6 8. Bxd4 cxd4 9. Nb5 Qb6 10. Qb4 Ke7 11. a4 a5 12. Qa3 Qc5 13. g3 Bd7 14. Bg2 Rc8 15. Qb3 e5 16. f4 Nf6 17. h3 Nh5 18. O-O Rhe8 19. Rf2 Bh6 20. Kh2 Bxb5 21. axb5 b6 22. Raf1 exf4 23. gxf4 Kf8 24. f5 Qe5+ 25. Kh1 Rc7 26. fxg6 hxg6 27. c5 f6 28. c6 Kg7 29.
Bf3 Ng3+ 30. Nxg3 Qxg3 31. Bg4 Rf7 32. Rf3 Qe5 33. Qc2 Ree7 34. Bd7 Rf8 35. c7 Rxd7 36.
c8=Q Rxc8 37. Qxc8 Rf7 38. Qc6 Qc5 39. Qxc5 dxc5 40. b3 Be3 41. Kg2 Bg5 42. Kg3 Be3 43.
Kg4 Rf8 44. h4 Rf7 45. Kh3 Rf8 46. Rg3 Kh6 47. Rgf3 Kg7 48. Kg3 Rf7 49. Rh1 Re7 50. h5 gxh5 51. Rxh5 Kg6 52. Rhf5 Bg5 53. Kg4 Rh7 54. Rh3 Rxh3 55. Kxh3 Kf7 56. Rd5 Ke6 57. Kg4 Bd2 58. Rd8 Bb4 59. Rb8 c4 60. Rxb6+ Ke5 61. bxc4 a4 62. Ra6 a3 63. b6 Kd6 64. Kf5 Kc6 65.
Kxf6 Kb7 66. Ra4 Bc5 67. e5 Kxb6 68. e6 Kc6 69. e7 Kd7 70. Kf7 Bxe7 71. Ra7+ Kc6 72. Rxe7 a2 73. Ra7 1-0

[Event "*** SCC Grand Prix: Titled Tuesday Blitz"]
[Site "Chess.com"]
[Date "2020.09.29"]
[Round "10"]
[White "GMKrikor"]
[Black "azikom"]
[Result "1/2-1/2"]
[WhiteElo "2802"]
[BlackElo "2659"]
[TimeControl "180+1"]
[EndTime "11:57:09 PDT"]
[Termination "Game drawn by repetition"]

1. e4 e5 2. Bc4 Nc6 3. Nc3 Bc5 4. Qg4 g6 5. Qg3 d6 6. Nge2 Be6 7. Bxe6 fxe6 8. a3 a6 9. d3 Nf6 10. O-O Nh5 11. Qh3 Qd7 12. Be3 O-O 13. Bxc5 dxc5 14.
Qg4 b6 15. g3 Rae8 16. Kg2 Qd6 17. Rae1 a5 18. f4 exf4 19. gxf4 Nd4 20. Nxd4 Qxd4 21. Re2 c4 22. Rf3 cxd3 23. cxd3 c5 24. Ref2 c4 25. dxc4 Qxc4 26. Re3 b5 27. Ne2 b4 28. axb4 axb4 29. Ng3 Nxg3 30. hxg3 Rf7 31. Qe2 Qxe2 32. Rfxe2 Rc7 33.
e5 Rd8 34. Re4 b3 35. R4e3 Rc2 36. Kf3 Rb8 37. Rd3 h5 38. Ke3 Kf7 39. Rd7+ Kf8 40. Rd3 Ke7 41. Red2 Rc7 42. Rd6 Rbb7 43. R6d3 Rc1 44.
Kf3 Rf1+ 45. Kg2 Rb1 46. g4 hxg4 47. Kg3 Rg1+ 48. Kf2 Rc1 49. Kg3 Rg1+ 50. Kh4 Kf7 51. Rd7+ Rxd7 52. Rxd7+ Ke8 53. Rb7 g3 54. Kh3 g2 55. Rxb3 Rf1 56. Kxg2 Rxf4 57. Rb6 Kd7 58. Rb7+ Kc6 59. Rg7 Rg4+ 60. Kf3 Rg5 61. Kf4 Rg2 62. Kf3 Rxb2 63. Rxg6 Kd5 64. Ke3 Kxe5 65. Rg5+ Kf6 66.
Rh5 e5 67. Rh6+ Kf5 68. Rh5+ Ke6 69. Rh6+ Kd5 70. Kd3 Rb3+ 71. Ke2 Ra3 72. Rh4 e4 73. Rh8 Ra2+ 74. Ke3 Ra3+ 75. Ke2 Ra2+ 76. Ke3 Ra3+ 77. Ke2 1/2-1/2

[Event "*** SCC Grand Prix: Titled Tuesday Blitz"]
[Site "Chess.com"]
[Date "2020.09.29"]
[Round "10"]
[White "denispopov"]
[Black "zajka-molotok"]
[Result "0-1"]
[WhiteElo "1998"]
[BlackElo "2472"]
[TimeControl "180+1"]
[EndTime "11:57:10 PDT"]
[Termination "zajka-molotok won by checkmate"]

1. e4 c6 2. Nf3 d5 3. Nc3 Nf6 4. exd5 cxd5 5. d4 Nc6 6. Bb5 Bg4 7. h3 Bxf3 8. Qxf3 e6 9. O-O Be7 10. Bxc6+ bxc6 11. Ne2 O-O 12. c3 c5 13. Bf4 Qb6 14.
Rab1 Rac8 15. Be5 Ne4 16. Ng3 Nd2 17. Qg4 f6 18. Nh5 Rf7 19. Bf4 Nxf1 20. Kxf1 Qa6+ 21.
Kg1 Bf8 22. Re1 Re8 23. a3 cxd4 24. cxd4 Kh8 25. Bh2 Qb6 26. b4 a5 27. bxa5 Qxa5 28.
Re3 Bxa3 29. Bg3 Qa6 30. Nf4 Rfe7 31. Qh5 Kg8 32. Bh4 Bc1 33. Rf3 Bxf4 34. Rxf4 Qd3 35. Qg4 Qg6 36. Qf3 Rf7 37. Rg4 Qb1+ 38. Kh2 Kh8 39.
Qg3 Qf5 40. Rf4 Qg6 41. Rg4 Qh6 42. Qf3 g5 43. Bg3 Qg6 44. Bd6 h5 45. Rg3 h4 46.
Rg4 f5 47. Be5+ Kh7 48. Qe3 fxg4 49. hxg4 Rg8 50. f3 Rgf8 51. Qe1 Re7 52. Qf2 Rd7 53.
Kg1 Rb7 54. Kh2 Kg8 55. Qd2 Rb1 56. Qe2 Rb7 57. Qd2 Ra7 58. Qe2 Qf7 59. Qd2 Qg6 60.
Qe2 Rff7 61. Qd2 Rfb7 62. Qc3 Ra8 63. Qc6 Rba7 64. Qd6 h3 65. Kxh3 Rh7+ 66. Kg3 Rf8 67. Qc5 Qh6 68. Qd6 Qh4# 0-1

[Event "*** SCC Grand Prix: Titled Tuesday Blitz"]
[Site "Chess.com"]
[Date "2020.09.29"]
[Round "10"]
[White "KaspMagAlpha"]
[Black "SergeyShtyka"]
[Result "1-0"]
[WhiteElo "2254"]
[BlackElo "2322"]
[TimeControl "180+1"]
[EndTime "11:57:18 PDT"]
[Termination "KaspMagAlpha won by checkmate"]

1. d4 c5 2. d5 e5 3. dxe6 d6 4. exf7+ Kxf7 5. Nf3 Nf6 6. g3 Nc6 7. Bg2 Be7 8. O-O Rf8 9. c4 Kg8 10. a3 Kh8 11. Nc3 Be6 12. Nd5 Bxd5 13. cxd5 Nb8 14. Ng5 Qd7 15. Ne6 Rg8 16. Bh3 Na6 17. Ng5 Qe8 18. Be6 Rf8 19. b3 Nc7 20. Bh3 Nfxd5 21. Ne6 Nxe6 22. Qxd5 Ng5 23. Bxg5 Bxg5 24. Qxd6 Qxe2 25.
Qxc5 h6 26. Rae1 Qf3 27. Qb4 a5 28. Qb5 a4 29. bxa4 Qxa3 30. Qxb7 Qxa4 31. Bg2 Rab8 32. Qd5 Qb4 33. h4 Bf6 34. Re4 Qb5 35. Qd2 Rbd8 36.
Qe3 Qd7 37. Kh2 Bd4 38. Qe2 Bf6 39. Bh3 Qf7 40. Be6 Qg6 41. Ba2 Rd2 42. Qxd2 Qxe4 43.
Bb1 Qg4 44. Qd3 Kg8 45. Ba2+ Kh8 46. Bb1 Kg8 47. Qh7+ Kf7 48. Ba2+ Ke7 49. Re1+ Kd6 50. Qd3+ Qd4 51. Re6+ Kc7 52. Qc2+ Kd8 53. Re2 Qc3 54. Qe4 Bd4 55. Qe7+ Kc8 56. Qxf8+ Kb7 57. Qf7+ Ka6 58.
Bd5 Bxf2 59. Bc4+ Ka5 60. Qxf2 g5 61. hxg5 hxg5 62. Qg2 g4 63. Rf2 Kb4 64. Rf4 Ka3 65. Bd5 Qxg3+ 66. Qxg3+ Kb2 67. Rf2+ Kc1 68. Qg1# 1-0

[Event "*** SCC Grand Prix: Titled Tuesday Blitz"]
[Site "Chess.com"]
[Date "2020.09.29"]
[Round "10"]
[White "VladimirBugayev"]
[Black "ChessArchitect64"]
[Result "1-0"]
[WhiteElo "2260"]
[BlackElo "1995"]
[TimeControl "180+1"]
[EndTime "11:57:18 PDT"]
[Termination "VladimirBugayev won by resignation"]

1. d4 d5 2. Bf4 c6 3. e3 Nf6 4. Nf3 Bf5 5. Nbd2 e6 6. Bd3 Bg6 7. O-O Nbd7 8. c3 Be7 9. Qc2 O-O 10. Rfe1 Bxd3 11. Qxd3 c5 12. h3 cxd4 13. exd4 Rc8 14. a4 Qb6 15. Reb1 Qa6 16. Qe3 Qc6 17. Ne5 Nxe5 18.
dxe5 Nd7 19. Qxa7 Bc5 20. Qa5 Ra8 21. Qb5 Qc7 22. Nb3 Be7 23. Re1 Rfc8 24. Nd4 Nb6 25. Qe2 Qc4 26. a5 Qxe2 27. Rxe2 Nc4 28. b4 h6 29. Nb5 g5 30. Bg3 Bf8 31. f4 gxf4 32.
Bxf4 Kh7 33. Kf2 Kg6 34. Kf3 Be7 35. g4 Kh7 36. Rg2 Rg8 37. Rag1 b6 38. Nd6 Bxd6 39.
exd6 f6 40. axb6 Nxb6 41. Be3 Nd7 42. Bc5 e5 43. h4 Nxc5 44. bxc5 Ra5 45. c6 Rc5 46. c7 Rc6 47. g5 fxg5 48. hxg5 Rxd6 49. gxh6 Rf8+ 50. Ke3 Rxh6 51. Rg7+ Kh8 52. Rg8+ Rxg8 53.
Rxg8+ Kxg8 54. c8=Q+ Kh7 55. Qd7+ Kh8 56. Qxd5 Rh5 57.
Qe6 Kg7 58. Qe7+ Kg6 59. Ke4 Rh1 60. Qxe5 Re1+ 61. Kd5 Rxe5+ 62. Kxe5 Kf7 63. Kd6 Ke8 64.
Kc7 Ke7 65. c4 Ke6 66. c5 Kd5 67. c6 Kc5 68. Kd7 Kb6 69. c7 Kb7 70. c8=Q+ 1-0

[Event "*** SCC Grand Prix: Titled Tuesday Blitz"]
[Site "Chess.com"]
[Date "2020.09.29"]
[Round "10"]
[White "Sjakkerntobi"]
[Black "antoszu"]
[Result "0-1"]
[WhiteElo "2429"]
[BlackElo "2594"]
[TimeControl "180+1"]
[EndTime "11:57:19 PDT"]
[Termination "antoszu won on time"]

1. e4 c5 2. Nf3 d6 3. d4 cxd4 4.
Qxd4 Nc6 5. Bb5 Bd7 6. Bxc6 Bxc6 7. Nc3 Nf6 8. Bg5 e6 9. O-O-O Be7 10. Qd3 Qa5 11.
h4 O-O 12. Nd4 Rac8 13. f4 Rfe8 14. Bxf6 Bxf6 15. g4 Qb6 16. g5 Bxd4 17. Qxd4 Qxd4 18.
Rxd4 b5 19. a3 a5 20. Re1 e5 21. Rxd6 exf4 22. Rf1 b4 23. axb4 axb4 24. Nd5 Bb5 25. Rxf4 Ba4 26. c3 Bb3 27. Kd2 bxc3+ 28. Nxc3 Be6 29. Rf1 Rb8 30. Rb1 Rb4 31. Kd3 Reb8 32. Rd4 Rb3 33. Kc2 Kf8 34. Ra4 R3b6 35. b4 Bd7 36. Ra7 Be8 37. Nd5 Re6 38. Kd3 h6 39.
Kd4 hxg5 40. hxg5 Bc6 41. b5 Bb7 42. Rc1 f5 43. gxf6 gxf6 44. Rc7 Bxd5 45. exd5 Rd6 46. Kc5 Rbd8 47. Rh7 Kg8 48. Rag7+ Kf8 49. Ra7 Rxd5+ 50. Kc6 R5d6+ 51. Kc5 Kg8 52. Rhc7 Rd5+ 53. Kc4 R5d6 54.
Rc6 Rd4+ 55. Kc5 R4d5+ 56. Kb6 Rb8+ 57. Rb7 Rxb7+ 58. Kxb7 Rxb5+ 59. Kc7 Kf7 60. Kd6 Re5 61. Rc1 Re8 62. Rg1 f5 63. Kd5 Kf6 64. Kd4 f4 65. Kd3 Kf5 66. Ra1 f3 67. Ra7 Kf4 68. Rf7+ Kg3 69. Rg7+ Kf2 0-1